 Dungeon Crawl Stone Soup version 0.29-a0-356-g7bc237e783 (webtiles) character file.

Game seed: 6171996893076938819

1965 spaghetti the Fighter (level 9, -16/98 HPs)
             Began as an Ogre Delver on Apr 26, 2022.
             Was an Initiate of Yredelemnul.
             Demolished by a two-headed ogre
             ... wielding a +0 giant club
              (30 damage)
             ... on level 7 of the Dungeon.
             The game lasted 00:10:57 (6471 turns).

spaghetti the Fighter (Ogre Delver)                 Turns: 6471, Time: 00:10:58

Health: -16/98     AC:  7    Str: 18    XL:     9   Next: 19%
Magic:  12/13      EV:  9    Int: 15    God:    Yredelemnul [......]
Gold:   127        SH:  0    Dex: 10    Spells: 4/8 levels left

rFire   . . .      SeeInvis .   a - +0 short sword {short}
rCold   . . .      Faith    .   (no shield)
rNeg    . . .      Spirit   .   b - +0 robe
rPois   .          Reflect  .   (helmet restricted)
rElec   .          Harm     .   (no cloak)
rCorr   .          Rampage  .   (gloves unavailable)
Will    .....                   (boots unavailable)
Stlth   ++........              n - amulet of the acrobat
HPRegen 0.26/turn               j - +4 ring of protection
MPRegen 0.13/turn               (no ring)

@: no status effects
A: large, unfitting armour, tough skin 1, talons 1, no potion heal 1
a: Renounce Religion, Recall Undead Harvest


You were on level 7 of the Dungeon.
You worshipped Yredelemnul.
Yredelemnul was noncommittal.
You visited 1 branch of the dungeon, and saw 5 of its levels.

You collected 127 gold pieces.


Innate Abilities, Weirdness & Mutations

You are too large for most types of armour.
You have tough skin. (AC +1)
You have sharp toenails.
Potions are less effective at restoring your health.


   Skills:
 + Level 9.2 Fighting
 - Level 1.7 Short Blades
 - Level 1.7 Dodging
 - Level 4.1 Stealth
 * Level 4.3 Unarmed Combat
 * Level 3.7 Summonings
 + Level 2.5 Transmutations
 + Level 2.7 Poison Magic
 + Level 5.5 Invocations


You had 4 spell levels left.
You knew the following spells:

 Your Spells              Type           Power      Damage    Failure   Level
a - Beastly Appendage     Tmut           14%        N/A       10%         1
b - Spider Form           Tmut/Pois      7%         N/A       28%         3

Your spell library contained the following spells:

 Spells                   Type           Power      Damage    Failure   Level
 Wereblood                Tmut           7%         N/A       14%         2
 Call Canine Familiar     Summ           11%        N/A       17%         3
 Sublimation of Blood     Necr           0%         N/A       38%         2
 Portal Projectile        Hex/Tloc       0%         N/A       63%         3
 Petrify                  Tmut/Erth      3%         N/A       85%         4
 Leda's Liquefaction      Hex/Erth       0%         N/A       95%         4
 Irradiate                Conj/Tmut      1%         3d13      99%         5

Inventory:

Hand Weapons
 a - a +0 short sword (weapon) {short}
 m - a +0 hand axe of flaming {axe}
   (You took it off an orc on level 4 of the Dungeon)
 q - a +0 dagger of flaming {short}
   (You took it off an orc wizard on level 5 of the Dungeon)
Missiles
 i - 83 stones (quivered) {throwing}
 r - 2 boomerangs {throwing}
 x - 6 javelins {throwing}
Armour
 b - a +0 robe (worn)
Jewellery
 j - a +4 ring of protection (left hand)
   (You found it on level 4 of the Dungeon)
 n - an amulet of the acrobat (around neck)
   (You found it on level 4 of the Dungeon)
Wands
 g - a wand of digging (3)
 k - a wand of charming (5)
   (You found it on level 5 of the Dungeon)
 p - a wand of polymorph (3)
   (You took it off Ijyb on level 3 of the Dungeon)
 w - a wand of iceblast (10)
   (You found it on level 6 of the Dungeon)
Scrolls
 c - a scroll of fog
 d - a scroll of magic mapping {!r}
 e - a scroll of fear
 h - 3 scrolls of identify {@r1}
 l - 8 scrolls of teleportation {@r4}
 o - a scroll of amnesia
 s - a scroll of enchant weapon {unknown}
 t - a scroll of vulnerability {unknown}
 u - a scroll of holy word {unknown}

Dungeon Overview and Level Annotations

Branches:
Dungeon (7/15)             Temple (0/1) D:4

Altars:
Dithmenos
Gozag
Okawaru
Qazlal
Ru
Sif Muna
Trog
Yredelemnul

##...## ......# #...# .##.#.#
#...# .##.#.# ### #.$.########
... .##...###...##.$...
.........
..).....#.#..#....###... ...
...#..#...._.......(..# ..# #
..........#.......(...# ..# ..
.....##.........@O....#+#..##.#
#.##.##.####.#.....#..........#
#.......# .#.............####
#.......# #.#...#.#####......#
####.#### #.#...#.# #.#.##.#
###.##### #.#...#.# ###.#.##.#.
#..)....# #....^..# #..........
##..)..).#
#.#...#.###.#.###..#.
.....##).###.##........#.### #


You could see a two-headed ogre (very poisoned).


Message History

Yredelemnul accepts your bounty of souls!
You can no longer trade souls for undead servants. 😱 MP[-4]
You lost 4 mp, and now have 9/13 mp.
Okay, then.
What are your orders? t - Shout!
Orders for allies: a - Attack new target. r - Retreat! s - Stop attacking. g - Guard the area. f - Follow me.
Anything else - Cancel.
Gang up on whom?
Press: ? - help, Dir - move target, f - two-headed ogre
Aim: a two-headed ogre, wielding a +0 giant club and a +0 giant spiked club (lightly wounded, fleeing, ally target) Attack! 😱 HP[+1]
You swap places.
The two-headed ogre prays for help.
Your vampire casts a spell at the two-headed ogre.
Your vampire's attack snaps the two-headed ogre out of its fear.
The two-headed ogre appears confused. 😱 MP[+1] 😱 HP[+1]
Your vampire hits the two-headed ogre.
Your vampire bites the two-headed ogre!
Your vampire draws strength from the two-headed ogre's injuries!
What are your orders? t - Shout!
Orders for allies: a - Attack new target. p - Attack previous target. r - Retreat! s - Stop attacking. g - Guard the area. f - Follow me.
Anything else - Cancel.
Gang up on whom?
Press: ? - help, Dir - move target, f/p - two-headed ogre
Aim: a two-headed ogre, wielding a +0 giant club and a +0 giant spiked club (moderately wounded, confused, ally target) Attack!
The two-headed ogre hits your scorpion zombie with a +0 giant club!
The two-headed ogre barely misses your scorpion zombie.
Your vampire hits the two-headed ogre.
Your vampire completely misses the two-headed ogre.
Your scorpion zombie hits the two-headed ogre.
Your scorpion zombie hits the two-headed ogre. 😱 HP[+1]
Your scorpion zombie hits the two-headed ogre.
The two-headed ogre hits your vampire with a +0 giant club!
The two-headed ogre hits your vampire with a +0 giant spiked club!!
Your vampire is destroyed!
Your vampire disappears in a puff of smoke!
Your orc zombie hits the two-headed ogre but does no damage.
Your orc wizard zombie hits the two-headed ogre but does no damage.
Your orc zombie hits the two-headed ogre. 😱 MP[+1]
Your orc wizard zombie hits the two-headed ogre but does no damage.
Your orc zombie hits the two-headed ogre but does no damage. 😱 HP[+1]
What are your orders? t - Shout!
Orders for allies: a - Attack new target. p - Attack previous target. r - Retreat! s - Stop attacking. g - Guard the area. f - Follow me.
Anything else - Cancel.
Gang up on whom?
Press: ? - help, Dir - move target, f/p - two-headed ogre
Aim: a two-headed ogre, wielding a +0 giant club and a +0 giant spiked club (severely wounded, confused, ally target) Attack!
Your scorpion zombie hits the two-headed ogre.
The two-headed ogre hits your orc zombie with a +0 giant club!!
Your orc zombie is destroyed!
The two-headed ogre shouts in stereo!
Your scorpion zombie hits the two-headed ogre.
Your orc wizard zombie hits the two-headed ogre.
Your scorpion zombie hits the two-headed ogre.
The two-headed ogre hits your scorpion zombie with a +0 giant club!
The two-headed ogre barely misses your scorpion zombie.
Your orc wizard zombie hits the two-headed ogre but does no damage. 😱 HP[+1]
Your scorpion zombie hits the two-headed ogre.
The two-headed ogre hits your scorpion zombie with a +0 giant club!!
Your scorpion zombie is destroyed!
Your orc wizard zombie hits the two-headed ogre.
The two-headed ogre seems less confused.
The two-headed ogre hits your orc wizard zombie with a +0 giant club!!
Your orc wizard zombie is destroyed! 😱 HP[+1] MP[+1] Throw: 2 darts (poison) {throwing}
Press: ? - help, Shift-Dir - straight line, f/p - two-headed ogre
Aim: a two-headed ogre, wielding a +0 giant club and a +0 giant spiked club (almost dead, unaware, hasn't noticed you, 75% to hit)
You throw a poisoned dart {throwing}.
The poisoned dart {throwing} hits the two-headed ogre.
The two-headed ogre is poisoned.
The two-headed ogre shouts in stereo!
Throw: dart (poison) {throwing}
Press: ? - help, Shift-Dir - straight line, f/p - two-headed ogre
Aim: a two-headed ogre, wielding a +0 giant club and a +0 giant spiked club (almost dead, poisoned, 75% to hit)
You throw a poisoned dart {throwing}.
The poisoned dart {throwing} hits the two-headed ogre.
The two-headed ogre looks even sicker.
You hit the two-headed ogre. Your kick misses the two-headed ogre.
The two-headed ogre hits you with a +0 giant club!!
You die...
Your body rises from the dead as a mindless zombie.

Skill      XL: |  1  2  3  4  5  6  7  8  9 |
---------------+----------------------------+-----
Stealth        | 4 |  4.1
Fighting       | 5 6 7 8 9 |  9.2
Invocations    | 2 3 4 5 |  5.5
Unarmed Combat | 2 3 4 |  4.3
Summonings     | 1 3 |  3.7
Poison Magic   | 1 2 |  2.7
Transmutations | 1 2 |  2.5
Short Blades   | |  1.7
Dodging        | |  1.7

Action                   |  1- 3 |  4- 6 |  7- 9 || total
-------------------------+-------+-------+-------++-------
Melee: Short sword       |    16 |   143 |   194 ||   353
       Unarmed           |       |       |    92 ||    92
       Kick              |       |       |    29 ||    29
       Punch             |       |       |     4 ||     4
       Headbutt          |       |       |     2 ||     2
Throw: Dart              |       |       |     2 ||     2
 Cast: Spider Form       |       |       |     9 ||     9
       Beastly Appendage |       |       |     3 ||     3
Invok: Recall Undead Har |       |     1 |       ||     1
       Dark Bargain      |       |       |     1 ||     1
Evoke: Wand              |       |       |     7 ||     7
  Use: Potion            |     1 |     1 |     3 ||     5
       Scroll            |       |       |     5 ||     5
 Stab: Sleeping          |     2 |     4 |     1 ||     7
       Distracted        |       |     2 |     3 ||     5
Armor: Robe              |     5 |    80 |   101 ||   186
       Skin              |       |       |    72 ||    72
Dodge: Dodged            |     8 |    80 |   254 ||   342

Levels and vault maps discovered:
D:3:      layout_basic, mainiacjoe_overflow_six_doors_small,
          mainiacjoe_overflow_concentric_impassable, serial_park_tiny_2,
          minmay_misc_feat_plants, roderic_batcave,
          hangedman_abyss_or_decor_stabs, serial_bayou_pond_c,
          minmay_misc_feat_columns, uniq_jessica, uniq_sigmund, uniq_ijyb
D:4:      layout_basic, lemuel_tele_altar, minmay_temple_entry_large_hall
D:5:      layout_rooms, lemuel_blue_sif_altar, okawaru_ov_weapons_minmay,
          grunt_dithmenos_shadows, mainiacjoe_overflow_brackets,
          nicolae_ru_sacrificial_ziggurat, serial_glass, glass_columns_c,
          glass_columns_b
D:6:      layout_cave_pods, portal_sewer_entry_b, serial_park,
          serial_park_square1 [serial_park_minivault_5x5_7], serial_park_tiny_2,
          serial_park_gazebo [serial_park_minivault_5x5_8], dreamdust_gnoll_farm
D:7:      layout_loops_cross, kennysheep_mini_moat, hangedman_feature_mirror

Notes
Turn   | Place    | Note
-------+----------+-------------------------------------------
     0 | D:5      | spaghetti the Ogre Delver began the quest for the Orb.
     0 | D:5      | Reached XP level 1. HP: 24/24 MP: 1/1
     0 | D:5      | magus.rc [v1.9.6]
    11 | D:5      | You pick up a book of Changes and begin reading...
    11 | D:5      | You add the spells Beastly Appendage, Wereblood and Spider
                  | Form to your library.
    51 | D:5      | Reached skill level 4 in Stealth
    51 | D:5      | Reached XP level 2. HP: 24/32 MP: 2/2
   177 | D:4      | Found a basalt altar of Yredelemnul.
   222 | D:4      | Became a worshipper of Yredelemnul the Dark
   236 | D:4      | Noticed a scorpion
   244 | D:4      | Learned a level 1 spell: Beastly Appendage
   257 | D:4      | Found a staircase to the Ecumenical Temple.
   340 | D:4      | Killed a scorpion
   341 | D:4      | Reached skill level 5 in Fighting
   341 | D:4      | Reached XP level 3. HP: 31/44 MP: 3/3
   341 | D:4      | Reached XP level 4. HP: 37/52 MP: 4/4
   718 | D:4      | Reached * piety under Yredelemnul
   845 | D:4      | Reached skill level 6 in Fighting
   845 | D:4      | Reached skill level 1 in Invocations
  1239 | D:4      | Noticed a bullfrog
  1261 | D:4      | Killed a bullfrog
  1262 | D:4      | Reached skill level 2 in Invocations
  1262 | D:4      | Reached XP level 5. HP: 20/61 MP: 6/6
  1731 | D:3      | Noticed Sigmund
  1733 | D:3      | You pick up a book of Alchemy and begin reading...
  1733 | D:3      | You add the spells Sublimation of Blood, Petrify and
                  | Irradiate to your library.
  1758 | D:3      | Killed Sigmund
  1759 | D:3      | Reached skill level 7 in Fighting
  1759 | D:3      | Reached skill level 3 in Invocations
  1759 | D:3      | Reached XP level 6. HP: 20/72 MP: 6/8
  2030 | D:3      | Found a bloodstained altar of Trog.
  2044 | D:3      | Your ally Sigmund died
  2144 | D:3      | Reached skill level 4 in Invocations
  2254 | D:3      | Reached XP level 7. HP: 46/79 MP: 10/10
  2442 | D:3      | Noticed Ijyb
  2490 | D:3      | Killed Ijyb
  2491 | D:3      | Reached skill level 8 in Fighting
  2749 | D:3      | Found a stormy altar of Qazlal.
  2860 | D:3      | Reached skill level 1 in Unarmed Combat
  2911 | D:3      | HP: 15/80 [orc priest/divine providence (9)]
  2912 | D:3      | HP: 6/80 [orc priest/divine providence (10)]
  3528 | D:4      | Learned a level 3 spell: Spider Form
  4048 | D:5      | Found a shimmering blue altar of Sif Muna.
  4073 | D:5      | Found an opulent altar of Gozag.
  4194 | D:5      | Found a sacrificial altar of Ru.
  4220 | D:5      | You pick up a book of the Hunter and begin reading...
  4220 | D:5      | You add the spells Call Canine Familiar, Portal Projectile
                  | and Leda's Liquefaction to your library.
  4238 | D:5      | Found an iron altar of Okawaru.
  4238 | D:5      | Noticed a yak
  4239 | D:5      | Noticed a yak
  4239 | D:5      | Noticed a yak
  4239 | D:5      | Noticed a yak
  4275 | D:5      | Killed a yak
  4276 | D:5      | Reached skill level 2 in Unarmed Combat
  4276 | D:5      | Reached skill level 1 in Summonings
  4276 | D:5      | Reached skill level 1 in Poison Magic
  4278 | D:5      | Reached skill level 1 in Transmutations
  4488 | D:5      | Killed a yak
  4489 | D:5      | Reached XP level 8. HP: 39/89 MP: 8/11
  4490 | D:5      | Killed a yak
  4491 | D:5      | Reached skill level 2 in Summonings
  4491 | D:5      | Reached skill level 5 in Invocations
  4503 | D:5      | HP: 13/89 [yak (11)]
  4504 | D:5      | Gained mutation: Potions are less effective at restoring
                  | your health. [potion of mutation]
  4504 | D:5      | Gained mutation: You have claws for feet. [potion of
                  | mutation]
  4880 | D:5      | Reached skill level 3 in Unarmed Combat
  5290 | D:5      | Found a shadowy altar of Dithmenos.
  5869 | D:7      | Noticed a troll
  5878 | D:7      | Reached skill level 2 in Transmutations
  5878 | D:7      | Reached skill level 2 in Poison Magic
  5887 | D:7      | Killed a troll
  5888 | D:7      | Reached skill level 9 in Fighting
  5888 | D:7      | Reached skill level 3 in Summonings
  6098 | D:7      | Found a shimmering blue altar of Sif Muna.
  6113 | D:7      | Reached XP level 9. HP: 56/98 MP: 13/13
  6118 | D:7      | Reached skill level 4 in Unarmed Combat
  6121 | D:7      | Reached ** piety under Yredelemnul
  6439 | D:7      | Noticed a two-headed ogre
  6444 | D:7      | HP: 7/98 [two-headed ogre/+0 giant club (19)]
  6471 | D:7      | Demolished by a two-headed ogre

Vanquished Creatures
  A troll (D:7)
  Sigmund (D:3)
  3 yaks (D:5)
  An ogre (D:7)
  A phantom (D:5)
  A bullfrog (D:4)
  A wight (D:7)
  3 scorpions
  2 killer bees (D:7)
  2 jellies
  2 hounds
  Ijyb (D:3)
  A scorpion zombie (D:7)
  6 orc wizards
  2 adders
  A shadow imp (D:5)
  An ufetubus (D:5)
  2 worms
  12 orcs
  6 bats (D:3)
  An endoplasm (D:3)
  2 giant cockroaches (D:3)
  2 goblins
  3 hobgoblins
  3 kobolds
  2 ball pythons
  An orc zombie (D:7)
  A rat (D:3)
65 creatures vanquished.

Vanquished Creatures (collateral kills)
  A bullfrog (D:7)
  A scorpion (D:7)
  A killer bee (D:7)
  A vampire bat (D:3)
  2 orc wizards (D:7)
  A scorpion zombie (D:7)
  An ufetubus (D:4)
  An orc zombie (D:5)
  3 orcs
  An endoplasm (D:3)
  2 bats (D:3)
15 creatures vanquished.

Vanquished Creatures (others)
  A killer bee (D:7)
  An orc wizard (D:5)
  A killer bee zombie (D:7)
  A worm zombie (D:5)
  A human zombie (D:3)
  An adder zombie (D:3)
  4 bat zombies (D:3)
  A ball python zombie (D:3)
  2 giant cockroach zombies (D:3)
  A hobgoblin zombie (D:3)
  2 kobold zombies (D:3)
  6 orc zombies
  A spectral endoplasm (D:3)
  4 plants (D:3)
27 creatures vanquished.

Grand Total: 107 creatures vanquished

Table legend:
 A = Non-vault XP
 B = Vault XP
 C = Vault XP percentage of total XP
 D = Non-vault monster count
 E = Vault monster count
 F = Vault count percentage of total count
                 A         B        C        D         E       F
            +---------+---------+-------+---------+---------+-------
      Total |    2081 |     727 |  25.9 |      65 |      12 |  15.6
            +---------+---------+-------+---------+---------+-------
        D:3 |     115 |     343 |  74.9 |      16 |      10 |  38.5
        D:4 |     269 |       0 |   0.0 |      11 |       0 |   0.0
        D:5 |     898 |     107 |  10.6 |      23 |       1 |   4.2
        D:6 |      43 |       0 |   0.0 |       1 |       0 |   0.0
        D:7 |     756 |     277 |  26.8 |      14 |       1 |   6.7
            +---------+---------+-------+---------+---------+-------

Illustrated notes

Table legend:
 A = Kills in this place as a percentage of kills in entire the game.
 B = Kills by you in this place as a percentage of kills by you in the entire game.
 C = Kills by friends in this place as a percentage of kills by friends in the entire game.
 D = Other kills in this place as a percentage of other kills in the entire game.
 E = Experience gained in this place as a percentage of experience gained in the entire game.
 F = Experience gained in this place divided by the number of levels of this place that you have seen.
                   A       B       C       D       E      F
               +-------+-------+-------+-------+-------+----------------------
         Total | 100.0 | 100.0 | 100.0 | 100.0 | 100.0 | 561.6
       Dungeon | 100.0 | 100.0 | 100.0 | 100.0 | 100.0 | 561.6
               +-------+-------+-------+-------+-------+----------------------

Table legend: (Time is in decaauts)
 A = Elapsed time spent in this place.
 B = Non-inter-level travel time spent in this place.
 C = Inter-level travel time spent in this place.
 D = Time resting spent in this place.
 E = Time spent auto-exploring this place.
 F = Levels seen in this place.
 G = Mean time per level.
                   A        B        C        D        E       F      G
               +--------+--------+--------+--------+--------+-----+--------+
         Total |   6563 |   6453 |    110 |   2665 |   2713 |   5 | 1312.6 |
       Dungeon |   6563 |   6453 |    110 |   2665 |   2713 |   5 | 1312.6 |
               +--------+--------+--------+--------+--------+-----+--------+

Top non-repeatable levels by time:
     D:4: 2521 daAuts
     D:5: 1630 daAuts
     D:3: 1359 daAuts
     D:7: 917 daAuts
     D:6: 133 daAuts
